 Dungeon Crawl Stone Soup version 0.21.0 (webtiles) character file.

296 tidbits the Magician (level 6, -3/70 HPs)
             Began as a Barachi Skald on Jan 6, 2018.
             Was an Initiate of Kikubaaqudgha.
             Slain by a slave (7 damage)
             ... led by Pikel
             ... on level 5 of the Dungeon.
             The game lasted 00:15:35 (1940 turns).

tidbits the Magician (Barachi Skald)                Turns: 1940, Time: 00:15:36

Health: -3/70      AC:  3    Str: 18    XL:     6   Next: 34%
Magic:  18/23      EV: 12    Int: 16    God:    Kikubaaqudgha [......]
Gold:   127        SH:  0    Dex: 12    Spells: 4/15 levels left

rFire    . . .     SeeInvis .   a - +2 short sword (drain)
rCold    . . .     Gourm    .   (no shield)
rNeg     . . .     Faith    .   b - +0 leather armour
rPois    .         Spirit   .   (no helmet)
rElec    .         Reflect  .   (no cloak)
rCorr    .         Harm     .   (no gloves)
MR       .....                  (no boots)
Stlth    ..........             w - amulet of rage
HPRegen  0.21/turn              C - ring of magical power
MPRegen  0.18/turn              (no ring)

@: berserking (expiring), very slightly contaminated, quick
A: +LOS, swims, clever 1, high mp 1, slowness 1, subdued magic 1, strong legs 1
a: Hop, Renounce Religion, Evoke Berserk Rage


You were on level 5 of the Dungeon.
You worshipped Kikubaaqudgha.
Kikubaaqudgha was noncommittal.
You were hungry.

You visited 1 branch of the dungeon, and saw 6 of its levels.

You collected 127 gold pieces.

Inventory:

Hand Weapons
 a - a +2 short sword of draining (weapon)
   (You found it on level 1 of the Dungeon)
 p - a +0 short sword
 s - a +0 dagger
 v - a +0 falchion
 x - a +1 hunting sling of velocity
   (You took it off a goblin on level 3 of the Dungeon)
 E - a +2 dagger of venom
   (You took it off Ijyb on level 5 of the Dungeon)
Missiles
 j - 28 arrows
 t - 25 stones (quivered)
 A - 3 tomahawks
Armour
 b - a +0 leather armour (worn)
 e - a +0 plate armour
 q - a +0 buckler
 u - a +0 ring mail
Jewellery
 g - an uncursed ring of ice
   (You found it on level 1 of the Dungeon)
 o - an uncursed amulet of the gourmand
   (You found it on level 2 of the Dungeon)
 w - an amulet of rage (around neck)
   (You found it on level 2 of the Dungeon)
 B - an uncursed amulet of magic regeneration
   (You found it on level 2 of the Dungeon)
 C - a ring of magical power (left hand)
   (You found it on level 4 of the Dungeon)
Wands
 F - a wand of flame (31)
Scrolls
 h - a scroll of random uselessness {unknown}
 i - 5 scrolls of remove curse
 k - a scroll of enchant weapon {unknown}
 l - a scroll of noise {unknown}
 m - a scroll of immolation {unknown}
 n - 2 scrolls of teleportation {unknown}
 r - 2 scrolls of amnesia
 y - a scroll of fog {unknown}
 z - a scroll of enchant armour {unknown}
Potions
 f - a potion of degeneration {unknown}
 D - a potion of invisibility {unknown}
Books
 c - a book of Battle

   Spells                             Type                      Level
   a - Infusion                       Charms                       1
   b - Shroud of Golubria             Charms/Translocation         2
   c - Song of Slaying                Charms                       2
   d - Spectral Weapon                Hexes/Charms                 3
   e - Regeneration                   Charms/Necromancy            3
Comestibles
 d - 8 rations


   Skills:
 - Level 3.3 Fighting
 - Level 2.4 Long Blades
 - Level 1.2 Armour
 - Level 3.0 Dodging
 - Level 5.0 Spellcasting
 + Level 1.7 Hexes
 + Level 3.8 Charms
 + Level 1.3 Necromancy


You had 4 spell levels left.
You knew the following spells:

 Your Spells              Type           Power        Failure   Level  Hunger
g - Shroud of Golubria    Chrm/Tloc      #.........   10%         2    #......
i - Infusion              Chrm           ##..         2%          1    None
r - Regeneration          Chrm/Necr      #.........   16%         3    ###....
w - Spectral Weapon       Hex/Chrm       #.......     14%         3    ###....
y - Song of Slaying       Chrm           ##......     4%          2    #......


Dungeon Overview and Level Annotations

Branches:
Dungeon (6/15)             Temple (0/1) D:4

Altars:
Dithmenos
Kikubaaqudgha
Qazlal
Sif Muna

Annotations:
D:3 Sigmund
D:5 Pikel


Innate Abilities, Weirdness & Mutations

Shadows flee at your approach. (+LOS)
You can swim through water.
You cover ground slowly.
You can hop short distances.
Your mind is acute. (Int +2)
You have an increased reservoir of magic. (+10% MP)
Your spells are a little easier to cast, but a little less powerful.


Message History

The jackal barely misses you. The jackal bites you.
The jackal barely misses you. The jackal closely misses you.
You hit the jackal. You drain the jackal!
You kill the jackal!
Kikubaaqudgha accepts your kill.
The jackal bites you but does no damage.
The jackal misses you.
You hit the jackal. You drain the jackal!
You kill the jackal!
Kikubaaqudgha accepts your kill.
Found 13 arrows.
Your spectral weapon fades away.
You see here a scroll labeled UCZOIGANAE.
n - 2 scrolls labeled UCZOIGANAE (gained 1)
You feel yourself speed up.
A quokka skeleton comes into view.
You see here 13 arrows.
j - 28 arrows (gained 13)
The quokka skeleton misses you.
You hit the quokka skeleton.
The quokka skeleton is severely damaged.
The quokka skeleton bites you.
You hit the quokka skeleton.
You destroy the quokka skeleton!
Kikubaaqudgha accepts your kill.
You recover from your berserk rage.
Found a stormy altar of Qazlal. 4 slaves, a crimson imp and Pikel come into view.
Pikel is wielding a whip of electrocution.
Pikel shouts!
The slave shouts! x3
Pikel zaps a wand.
You are blasted!
It is a wand of disintegration (16).
The crimson imp blinks!
Unknown command.
Okay, then.
Unknown command.
Casting: Spectral Weapon
Confirm with . or Enter, or press ? or * to list all spells.
You miscast Spectral Weapon.
You are very lightly contaminated with residual magic.
Your skin glows momentarily.
Casting: Spectral Weapon
Confirm with . or Enter, or press ? or * to list all spells.
You draw out your weapon's spirit!
The slave barely misses you. Pikel waves his whip at you.
You fail to use your ability.
The slave barely misses you.
Pikel hits your spectral weapon with a whip of electrocution.
Your spectral weapon shares its damage with you!
A red film seems to cover your vision as you go berserk!
You feel yourself moving faster!
You feel mighty!
You are feeling hungry.
The slave hits you.
Pikel barely misses your spectral weapon.
You swap places.
You feel a strong urge to attack something.
The slave hits you!
Pikel hits you with a whip of electrocution.
You are electrocuted!
* * * LOW HITPOINT WARNING * * *
You hit Pikel.
Pikel is lightly wounded.
The slave hits you!
* * * LOW HITPOINT WARNING * * *
Pikel says, "You'll feel the lick of my whip!"
Pikel barely misses you.
You hit Pikel.
Pikel is moderately wounded.
The slave completely misses you.
You closely miss Pikel.
Pikel is moderately wounded.
Pikel hits you but does no damage. The slave closely misses you.
You closely miss Pikel.
Pikel is lightly wounded.
The slave hits you.
* * * LOW HITPOINT WARNING * * *
Pikel barely misses you. The slave hits you.
* * * LOW HITPOINT WARNING * * *
You are too berserk!
Unknown command.
You puncture the slave!
The slave is heavily wounded.
Your spectral weapon hits the slave but does no damage.
The slave closely misses you.
You miss the slave.
The slave is heavily wounded.
Your spectral weapon barely misses the slave.
Pikel misses you. The slave barely misses you.
You barely miss the slave.
The slave is heavily wounded.
Your spectral weapon misses the slave.
The slave hits you.
* * * LOW HITPOINT WARNING * * *
The slave misses you.
Pikel hits you with a whip of electrocution.
* * * LOW HITPOINT WARNING * * *
The crimson imp blinks!
You puncture the slave!
The slave is severely wounded.
Your spectral weapon misses the slave.
The slave hits you!
You die...
Kikubaaqudgha rasps: "You have failed me!
Welcome... death!"

## ..# #.# #
###.### # ##..
#§...§# .#
#.....###.§...###.#
.........Kpp....#.#
........#p@p..#.#.#
....pp§.#(...§#...#
.p...p..###.###...#
...5...# #......#
#.....# #####.##
##...######## #.#
##+##......# #.#
#.##.# #.# #.#
#.##.####.###.#


You could see Pikel, 4 slaves and a friendly spectral short sword of draining.

Vanquished Creatures
  An ogre (D:5)
  A gnoll shaman (D:2)
  Ijyb (D:5)
  3 gnolls (D:4)
  5 adders
  A worm (D:3)
  3 dart slugs
  4 leopard geckos
  5 orcs
  A giant cockroach (D:2)
  5 goblins
  6 hobgoblins
  3 jackals
  4 ball pythons
  A ball python skeleton (D:5)
  10 bats
  2 frilled lizards
  10 kobolds
  A quokka skeleton (D:5)
  7 rats
74 creatures vanquished.

Notes
Turn   | Place    | Note
-------+----------+-------------------------------------------
     0 | D:1      | tidbits the Barachi Skald began the quest for the Orb.
     0 | D:1      | Reached XP level 1. HP: 17/17 MP: 3/3
   223 | D:1      | Reached XP level 2. HP: 23/23 MP: 1/5
   227 | D:1      | Learned a level 2 spell: Song of Slaying
   230 | D:1      | Learned a level 2 spell: Shroud of Golubria
   262 | D:1      | Reached skill level 3 in Spellcasting
   439 | D:3      | Reached XP level 3. HP: 10/28 MP: 0/8
   457 | D:3      | Learned a level 3 spell: Regeneration
   523 | D:2      | Found a shadowy altar of Dithmenos.
   732 | D:1      | Reached skill level 4 in Spellcasting
   960 | D:2      | Reached XP level 4. HP: 34/34 MP: 7/10
  1023 | D:2      | Reached skill level 5 in Spellcasting
  1046 | D:2      | Learned a level 3 spell: Spectral Weapon
  1085 | D:3      | Gained mutation: You are dopey. (Int -2) [potion of mutation]
  1085 | D:3      | Gained mutation: Your body sometimes deteriorates upon taking damage. [potion of mutation]
  1085 | D:3      | Gained mutation: You have a pair of small horns on your head. [potion of mutation]
  1085 | D:3      | Gained mutation: You possess an exceptional clarity of mind. [potion of mutation]
  1095 | D:3      | Reached XP level 5. HP: 11/39 MP: 2/12
  1096 | D:3      | Lost mutation: You have a pair of small horns on your head. [potion of mutation]
  1096 | D:3      | Lost mutation: You are dopey. (Int -2) [potion of mutation]
  1096 | D:3      | Lost mutation: Your body sometimes deteriorates upon taking damage. [potion of mutation]
  1096 | D:3      | Lost mutation: You possess an exceptional clarity of mind. [potion of mutation]
  1096 | D:3      | Gained mutation: You are weak. (Str -2) [potion of mutation]
  1096 | D:3      | Gained mutation: You are very weak. (Str -4) [potion of mutation]
  1096 | D:3      | Lost mutation: You are very weak. (Str -4) [potion of mutation]
  1096 | D:3      | Gained mutation: Your mind is acute. (Int +2) [potion of mutation]
  1457 | D:3      | Reached skill level 3 in Fighting
  1615 | D:4      | Found an ancient bone altar of Kikubaaqudgha.
  1615 | D:4      | Found a deep blue altar of Sif Muna.
  1620 | D:4      | Became a worshipper of Kikubaaqudgha
  1667 | D:4      | Reached skill level 3 in Dodging
  1678 | D:4      | Found a staircase to the Ecumenical Temple.
  1697 | D:3      | Noticed Sigmund
  1759 | D:4      | Lost mutation: You are weak. (Str -2) [potion of mutation]
  1759 | D:4      | Lost mutation: Your mind is acute. (Int +2) [potion of mutation]
  1759 | D:4      | Gained mutation: Your spells are a little easier to cast, but a little less powerful. [potion of mutation]
  1759 | D:4      | Gained mutation: You have an increased reservoir of magic. (+10% MP) [potion of mutation]
  1759 | D:4      | Gained mutation: Your mind is acute. (Int +2) [potion of mutation]
  1792 | D:5      | Entered Level 5 of the Dungeon
  1865 | D:5      | Noticed Ijyb
  1865 | D:5      | Noticed an ogre
  1873 | D:5      | Killed Ijyb
  1876 | D:5      | Killed an ogre
  1876 | D:5      | Reached skill level 1 in Hexes
  1876 | D:5      | Reached skill level 1 in Necromancy
  1876 | D:5      | Reached XP level 6. HP: 47/47 MP: 12/14
  1920 | D:5      | Found a stormy altar of Qazlal.
  1924 | D:5      | Noticed Pikel
  1924 | D:5      | Noticed a slave
  1924 | D:5      | Noticed a slave
  1924 | D:5      | Noticed a slave
  1924 | D:5      | Noticed a slave
  1939 | D:5      | HP: 6/70 [slave[Pikel] (2)]
  1940 | D:5      | Slain by a slave

Skill      XL: |  1  2  3  4  5 |
---------------+----------------+-----
Spellcasting   | 3 4 5 |  5.0
Fighting       | 3 |  3.3
Dodging        | 3 |  3.0
Hexes          | 1 |  1.7
Necromancy     | 1 |  1.3
Long Blades    | |  2.4
Armour         | |  1.2
Charms         | |  3.8

Action                   |  1- 3 |  4- 6 || total
-------------------------+-------+-------++-------
Melee: Falchion          |   101 |       ||   101
       Short sword       |    10 |    85 ||    95
       Headbutt          |       |     1 ||     1
 Cast: Infusion          |    16 |     1 ||    17
       Song of Slaying   |     3 |     1 ||     4
       Regeneration      |     2 |     6 ||     8
       Shroud of Golubri |     2 |     3 ||     5
       Spectral Weapon   |       |    10 ||    10
 Abil: Evoke Berserk Rag |     1 |     4 ||     5
       Hop               |       |     1 ||     1
  Use: Scroll            |     2 |     3 ||     5
       Potion            |       |     4 ||     4
 Stab: Distracted        |       |     1 ||     1
  Eat: Chunk             |     2 |     9 ||    11
Armor: Leather armour    |    46 |     8 ||    54
Dodge: Dodged            |   113 |    81 ||   194
       Rpst.: Falchion   |    23 |       ||    23

Table legend:
 A = Turns spent in this place as a percentage of turns spent in the entire game.
 B = Non-inter-level travel turns spent in this place as a percentage of non-inter-level travel turns spent in the entire game.
 C = Inter-level travel turns spent in this place as a percentage of turns spent in this place.
 D = Turns resting spent in this place as a percentage of non-inter-level travel turns spent in this place.
 E = Turns spent auto-exploring this place as a percentage of non-inter-level travel turns spent in this place.
 F = Non-inter-level travel turns spent in this place divided by the number of levels of this place that you've seen.
                   A       B       C       D       E      F
               +-------+-------+-------+-------+-------+----------------------
         Total | 100.0 | 100.0 |   5.4 |   0.0 |   0.0 | 305.8
       Dungeon | 100.0 | 100.0 |   5.4 |   0.0 |   0.0 | 305.8
               +-------+-------+-------+-------+-------+----------------------

Table legend:
 A = Kills in this place as a percentage of kills in entire the game.
 B = Kills by you in this place as a percentage of kills by you in the entire game.
 C = Kills by friends in this place as a percentage of kills by friends in the entire game.
 D = Other kills in this place as a percentage of other kills in the entire game.
 E = Experience gained in this place as a percentage of experience gained in the entire game.
 F = Experience gained in this place divided by the number of levels of this place that you have seen.
                   A       B       C       D       E      F
               +-------+-------+-------+-------+-------+----------------------
         Total | 100.0 | 100.0 |   N/A |   N/A | 100.0 |  70.5
       Dungeon | 100.0 | 100.0 |   N/A |   N/A | 100.0 |  70.5
               +-------+-------+-------+-------+-------+----------------------

Vault maps used:
D:1:      saegor_arrival_simple_b, kennysheep_minor_cross, minmay_ruptured
D:2:      kb_forest_paths, nicolae_overflow_crystal_walls, first_ration
D:3:      minmay_crystal_water, fountainhead, minmay_misc_feat_secret_circle,
          uniq_sigmund
D:4:      gammafunk_temple_overflow_statue, minmay_temple_entry_glassed_door
D:5:      cheibrodos_helix_gallery, grunt_qazlal_clouds, uniq_pikel,
          uniq_menkaure, uniq_ijyb
D:6:      nemelex_xobeh_ov_fountains_minmay, centaur_isle, uniq_edmund,
          uniq_grinder
